 Dungeon Crawl Stone Soup version 0.31-a0-162-gc4c5a43528 (webtiles) character file.

Game seed: 792515462660589330

217 qw the Chopper (level 5, -9/33 HPs)
             Began as a Gargoyle Fighter on June 12, 2023.
             Killed from afar by an orc (12 damage)
             ... with a bolt of light
             ... on level 3 of the Dungeon.
             The game lasted 00:00:57 (1566 turns).

qw the Chopper (Gargoyle Fighter)                   Turns: 1566, Time: 00:00:57

Health: -9/33      AC: 13    Str: 22    XL:     5   Next: 94%
Magic:  5/5        EV:  9    Int:  8    God:
Gold:   92         SH:  0    Dex:  9    Spells: 4/4 levels left

rFire   . . .        Y - +0 war axe (heavy)
rCold   . . .        c - +0 buckler
rNeg    + . .        b - +0 scale mail
rPois   inf          h - +0 helmet
rElec   +            (no cloak)
rCorr   .            (no gloves)
SInv    .            f - +0 pair of boots
Will    .....        (no amulet) Stlth
                     (no ring)
HPRegen 0.25/turn    (no ring)
MPRegen 0.09/turn

%: no passive effects
@: confused
A: sickness immunity, AC +4, negative energy resistance 1, electricity
resistance, torment resistance 1, petrification resistance
a: no special abilities


You were on level 3 of the Dungeon.
You visited 1 branch of the dungeon, and saw 3 of its levels.

You collected 92 gold pieces.


Innate Abilities, Weirdness & Mutations

You are immune to sickness and miasma.
Your stone body is resilient. (AC +4)
You are immune to poison.
You resist negative energy. (rN+)
You are resistant to electric shocks. (rElec)
You are resistant to unholy torment.
You are immune to petrification.


   Skills:
 + Level 3.9 Fighting
 - Level 5.1 Axes
 - Level 3.2 Armour
 - Level 3.2 Shields


You had 4 spell levels left.
You didn't know any spells.
Your spell library was empty.

Inventory:

Hand Weapons
 e - a +0 flail
 Y - a +0 heavy war axe (weapon)
Missiles
 g - 3 boomerangs (quivered)
Armour
 b - a +0 scale mail (worn)
 c - a +0 buckler (worn)
 f - a +0 pair of boots (worn)
 h - a +0 helmet (worn)
 k - a +0 chain mail
Scrolls
 i - a scroll of vulnerability {unknown}
 n - a scroll of identify
Potions
 a - 2 potions of curing {unknown}
 d - a potion of might
 j - a potion of heal wounds {unknown}
 l - a potion of lignification {unknown}
 m - a potion of haste

Dungeon Overview and Level Annotations

Branches:
Dungeon (3/15)

Altars:
Kikubaaqudgha

Shops:
D:1 !!


Message History

l - a smoky green potion
Things that are here:
a +0 hand axe; a +0 club You throw a boomerang.
The boomerang closely misses the rat.
You throw a boomerang.
The boomerang hits the rat but does no damage.
You throw a boomerang.
The boomerang hits the rat but does no damage.
You throw a boomerang. The boomerang closely misses the rat.
You slash the rat!
You kill the rat!
1552 ||| Stepping ~*~*~tactically~*~*~ (stealth).
Things that are here:
a +0 hand axe; a +0 club The orc shouts!
1554 ||| Stepping ~*~*~tactically~*~*~ (hiding).
Things that are here:
a +0 hand axe; a +0 club You start waiting.
An orc is nearby!
1556 ||| Stepping ~*~*~tactically~*~*~ (hiding).
You start waiting.
An orc is nearby!
The orc zaps a wand.
The bolt of light hits you.
You are confused.
Things that are here:
a +0 hand axe; a +0 club The orc zaps a wand.
The bolt of light misses you.
You feel less confused.
The orc zaps a wand.
The bolt of light hits you!
You are confused.
The orc zaps a wand.
The bolt of light hits you!
You are more confused.
The orc hits you but does no damage. The orc hits you with a +0 club.
The orc barely misses you.
You feel less confused.
The orc zaps a wand.
The bolt of light hits you!
You are confused.
You die...

..................#
.........##'#####..
.........#.... .
.........#......
#######.##........
#.#.........
#.#......... #.#
....### #@# #o#
#.'...o.. ###......
...... ..... .?...
.... ....


You could see an orc.

Vanquished Creatures
  A hound (D:2)
  An orc priest (D:3)
  Natasha (D:3)
  3 adders (D:2)
  4 gnolls
  2 worms
  3 dart slugs
  2 orcs (D:3)
  6 bats
  3 endoplasms
  9 goblins
  5 hobgoblins
  5 jackals
  A quokka (D:2)
  6 ball pythons
  2 frilled lizards (D:1)
  A kobold (D:2)
  3 rats
58 creatures vanquished.

Notes
Turn   | Place    | Note
-------+----------+-------------------------------------------
     0 | D:1      | qw the Gargoyle Fighter began the quest for the Orb.
     0 | D:1      | Reached XP level 1. HP: 14/14 MP: 1/1
     0 | D:1      | 0 ||| qw: Version: 0.2-a-29-gc1b59c4
     0 | D:1      | 0 ||| qw: Game counter: 4300
     0 | D:1      | 0 ||| qw: Always use a shield: true
     0 | D:1      | 0 ||| qw: God list: Okawaru
     0 | D:1      | 0 ||| qw: Allow faded altars: false
     0 | D:1      | 0 ||| qw: Do Orc after D:15 true
     0 | D:1      | 0 ||| qw: Do second Lair branch before Depths: true
     0 | D:1      | 0 ||| qw: Lair rune preference: random
     0 | D:1      | 0 ||| qw: Plans: Normal, Zot:1-4, Slime:5, God:TSO, Crypt,
                  | Tomb, Abyss, Pan, Hells, Win
     0 | D:1      | 0 ||| PLANNING D:1-11
    45 | D:1      | Reached skill level 2 in Axes
    64 | D:1      | Found Vyciacaj's Distillery.
    72 | D:1      | 72 ||| SHOPLISTING 2 potions of curing (66 gold, have 0).
    72 | D:1      | 72 ||| SHOPLISTING potion of attraction (33 gold, have 0).
    72 | D:1      | 72 ||| SHOPLISTING potion of curing (33 gold, have 0).
    72 | D:1      | 72 ||| SHOPLISTING potion of resistance (110 gold, have 0).
    94 | D:1      | 94 ||| Stepping ~*~*~tactically~*~*~ (hiding).
   104 | D:1      | Reached XP level 2. HP: 19/19 MP: 2/2
   135 | D:1      | Found Featwaor's Distillery.
   150 | D:1      | 150 ||| SHOPLISTING 2 potions of curing (72 gold, have 11).
   150 | D:1      | 150 ||| SHOPLISTING potion of attraction (36 gold, have
                  | 11).
   150 | D:1      | 150 ||| SHOPLISTING potion of curing (36 gold, have 11).
   150 | D:1      | 150 ||| SHOPLISTING potion of haste (120 gold, have 11).
   150 | D:1      | 150 ||| SHOPLISTING potion of lignification (36 gold, have
                  | 11).
   150 | D:1      | 150 ||| SHOPLISTING potion of magic (96 gold, have 11).
   512 | D:1      | 512 ||| UPGRADING to +0 helmet.
   517 | D:1      | 517 ||| READING scroll labelled PICRIQEBRA.
   518 | D:1      | 518 ||| READING scroll labelled ZEBLEA ROFROAX.
   523 | D:1      | 523 ||| READING scroll labelled DABOVI DEANNINK.
   524 | D:1      | 524 ||| READING scroll labelled YBAATY UBIOTT.
   525 | D:1      | 525 ||| READING 3 scrolls labelled UDDEIBRERGH.
   526 | D:1      | 526 ||| READING scroll labelled KAYRRU WETZIG.
   527 | D:1      | 527 ||| READING 2 scrolls of identify.
   527 | D:1      | 527 ||| IDENTIFYING yellow potion
   528 | D:1      | 528 ||| DROPPING potion of degeneration.
   560 | D:2      | Reached skill level 3 in Axes
   560 | D:2      | Reached XP level 3. HP: 20/23 MP: 3/3
   560 | D:2      | 560 ||| STAIRDANCE
   599 | D:1      | 599 ||| DROPPING +0 club.
   606 | D:2      | Reached XP level 4. HP: 26/28 MP: 4/4
   613 | D:2      | 613 ||| DROPPING +1 whip of venom.
   692 | D:2      | Reached skill level 4 in Axes
   723 | D:2      | Found a faded altar of an unknown god.
   763 | D:2      | 763 ||| Stepping ~*~*~tactically~*~*~ (stealth).
   764 | D:2      | 764 ||| Stepping ~*~*~tactically~*~*~ (stealth).
   997 | D:2      | Reached XP level 5. HP: 32/32 MP: 5/5
  1084 | D:2      | 1084 ||| Stepping ~*~*~tactically~*~*~ (hiding).
  1195 | D:2      | Found an ancient bone altar of Kikubaaqudgha.
  1262 | D:2      | 1262 ||| Stepping ~*~*~tactically~*~*~ (stealth).
  1410 | D:2      | 1410 ||| UPGRADING to +0 pair of boots.
  1463 | D:3      | 1463 ||| Stepping ~*~*~tactically~*~*~ (stealth).
  1464 | D:3      | Noticed Natasha
  1466 | D:3      | 1466 ||| Stepping ~*~*~tactically~*~*~ (hiding).
  1470 | D:3      | Killed Natasha
  1471 | D:3      | Reached skill level 5 in Axes
  1533 | D:3      | 1533 ||| Stepping ~*~*~tactically~*~*~ (hiding).
  1552 | D:3      | 1552 ||| Stepping ~*~*~tactically~*~*~ (stealth).
  1554 | D:3      | 1554 ||| Stepping ~*~*~tactically~*~*~ (hiding).
  1556 | D:3      | 1556 ||| Stepping ~*~*~tactically~*~*~ (hiding).
  1562 | D:3      | HP: 3/33 [orc/bolt of light (13)]
  1566 | D:3      | Killed from afar by an orc

Levels and vault maps discovered:
D:1:      nagdon_arrival_zigzag_paths, layout_rooms, serial_shops,
          nicolae_shop_industrial_runoff, shop
D:2:      layout_loops_ring, basic_altar,
          hellmonk_ecumenical_altar_leap_of_faith
D:3:      layout_basic, nicolae_gozag_zags_fifth_avenue, uniq_natasha,
          uniq_robin

Skill      XL: |  1  2  3  4  5 |
---------------+----------------+-----
Axes           | 2 3 4 5 |  5.1
Fighting       | |  3.9
Armour         | |  3.2
Shields        | |  3.2

Action                     |  1- 3 |  4- 6 || total
---------------------------+-------+-------++-------
  Melee: War axe           |    56 |    62 ||   118
  Throw: Boomerang         |       |    14 ||    14
    Use: Scroll            |     7 |       ||     7
 Armour: Scale mail        |    27 |    59 ||    86
  Dodge: Dodged            |    30 |    37 ||    67
  Block: Buckler           |    11 |    12 ||    23

Table legend:
 A = Non-vault XP
 B = Vault XP
 C = Vault XP percentage of total XP
 D = Non-vault monster count
 E = Vault monster count
 F = Vault count percentage of total count
                 A         B        C        D         E       F
            +---------+---------+-------+---------+---------+-------
      Total |     266 |      45 |  14.5 |      52 |       6 |  10.3
            +---------+---------+-------+---------+---------+-------
        D:1 |      55 |       0 |   0.0 |      18 |       0 |   0.0
        D:2 |     152 |       0 |   0.0 |      25 |       0 |   0.0
        D:3 |      59 |      45 |  43.3 |       9 |       6 |  40.0
            +---------+---------+-------+---------+---------+-------
